 Dungeon Crawl Stone Soup version 0.30.1-1-g62c8e00024 (webtiles) character file.

Game seed: 6875209915515239109

849 Wiggles the Chopper (level 7, -2/62 HPs)
             Began as a Minotaur Berserker on July 17, 2023.
             Was a Priest of Trog.
             Slain by a killer bee (3 damage)
             ... on level 6 of the Dungeon.
             The game lasted 00:09:48 (4048 turns).

Wiggles the Chopper (Minotaur Berserker)            Turns: 4048, Time: 00:09:48

Health: -2/62      AC:  8    Str: 23    XL:     7   Next: 69%
Magic:  6/6        EV: 10    Int: 10    God:    Trog [***...]
Gold:   244        SH:  4    Dex: 10    Spells: 6/6 levels left

rFire   . . .        m - +0 war axe
rCold   . . .        n - +0 buckler
rNeg    . . .        q - +0 scale mail
rPois   .            (helmet restricted)
rElec   .            (no cloak)
rCorr   .            (no gloves)
SInv    .            e - +0 pair of boots
Will    .....        (no amulet) Stlth
                     r - +6 ring of intelligence
HPRegen 0.30/turn    (no ring)
MPRegen 0.10/turn

%: no passive effects
@: lethally poisoned (-2 -> -13)
A: horns 2, retaliatory headbutt
a: Renounce Religion, Berserk, Trog's Hand


You were on level 6 of the Dungeon.
You worshipped Trog.
Trog was most pleased with you.
You visited 1 branch of the dungeon, and saw 7 of its levels.

You collected 244 gold pieces.

Inventory:

Hand Weapons
 m - a +0 war axe (weapon)
Missiles
 y - a throwing net
 z - 4 javelins (quivered)
Armour
 e - a +0 pair of boots (worn)
 n - a +0 buckler (worn)
 q - a +0 scale mail (worn)
Jewellery
 r - a +6 ring of intelligence (left hand)
Scrolls
 b - a scroll of blinking {unknown}
 d - 2 scrolls of noise {unknown}
 f - 4 scrolls of identify {unknown}
 g - a scroll of fear {unknown}
 h - a scroll of torment {unknown}
 i - a scroll of enchant armour {unknown}
 l - a scroll of brand weapon {unknown}
 p - 2 scrolls of teleportation {unknown}
 s - 2 scrolls of poison {unknown}
 v - a scroll of enchant weapon {unknown}
Potions
 a - a potion of haste {unknown}
 c - a potion of resistance {unknown}
 j - 2 potions of curing
 k - a potion of degeneration {unknown}
 o - a potion of might {unknown}
 t - 2 potions of lignification {unknown}
 u - a potion of attraction {unknown}
 w - a potion of berserk rage {unknown}
 x - 2 potions of magic {unknown}
 A - a potion of flight {unknown}
 B - a potion of mutation {unknown}
 C - a potion of heal wounds {unknown}


   Skills:
 + Level 5.7 Fighting
 + Level 7.2 Axes
 + Level 5.4 Armour
 + Level 2.8 Dodging
 + Level 2.2 Stealth
 + Level 2.8 Shields


You had 6 spell levels left.
You didn't know any spells.
Your spell library was empty.

Dungeon Overview and Level Annotations

Branches:
Dungeon (7/15)
 Temple: D:4-7

Altars:
Gozag
The Shining One

Shops:
D:7 (


Innate Abilities, Weirdness & Mutations

You have a pair of horns on your head.
You reflexively headbutt those who attack you in melee.


Message History

The killer bee stings you.
You are more poisoned.
The killer bee poisons you! The killer bee barely misses you.
You furiously retaliate!
You headbutt the killer bee. The killer bee stings you.
You are more poisoned.
The killer bee poisons you!
Your Stealth skill increases to level 2!
You hit the killer bee. Your headbutt misses the killer bee.
The killer bee is heavily wounded.
You closely miss the killer bee. You closely miss the hound.
You miss the killer bee.
You feel extremely sick. You block the hound's attack.
The killer bee closely misses you. You furiously retaliate!
You headbutt the killer bee. The killer bee misses you.
The killer bee closely misses you. You furiously retaliate!
You headbutt the killer bee. The hound bites you.
You block the killer bee's attack.
The killer bee stings you but does no damage. x2
You slash the killer bee!
You kill the killer bee!
Trog accepts your kill.
You hit the killer bee. You hit the hound. You miss the killer bee.
You feel very sick. The killer bee barely misses you.
The killer bee closely misses you. The hound bites you.
* * * LOW HITPOINT WARNING * * *
An ogre comes into view. It is wielding a +0 giant club.
You block the killer bee's attack. The killer bee stings you.
* * * LOW HITPOINT WARNING * * *
The hound bites you.
* * * LOW HITPOINT WARNING * * *
* * * LOW HITPOINT WARNING * * *
You feel very sick.
The ogre shouts!
The killer bee stings you.
* * * LOW HITPOINT WARNING * * *
You block the hound's attack. The killer bee closely misses you.
The killer bee stings you.
You die...

.............
.........O..
...........
.........
..!.#...
#...# .##
#.y.##..# #
#.@y.##.# #.#
##h#..#.#
#...#
#.##.#.##...#
#......>..#
#.##.####..#
...##...# .#
..#..####.# #
# .## ... #..


You could see an ogre, a hound and 2 killer bees.

Vanquished Creatures
  A water moccasin (D:7)
  A scorpion (D:5)
  2 killer bees (D:6)
  A jelly (D:7)
  3 orc priests
  A hound (D:7)
  2 gnoll boudas
  Crazy Yiuf (D:7)
  An iguana (D:5)
  Natasha (thrice) (D:2)
  An orc wizard (D:4)
  Robin (D:2)
  7 gnolls
  7 adders
  A worm (D:2)
  2 dart slugs (D:1)
  7 orcs
  10 endoplasms
  5 giant cockroaches
  11 hobgoblins
  3 kobolds
  4 quokkas
  5 ball pythons
  8 bats
  4 frilled lizards
  10 goblins
  4 rats
106 creatures vanquished.

Notes
Turn   | Place    | Note
-------+----------+-------------------------------------------
     0 | D:1      | Wiggles the Minotaur Berserker began the quest for the Orb.
     0 | D:1      | Reached XP level 1. HP: 19/19 MP: 0/0
    80 | D:1      | Found a faded altar of an unknown god.
   139 | D:1      | Reached XP level 2. HP: 26/27 MP: 1/1
   241 | D:1      | Reached skill level 4 in Axes
  1107 | D:2      | Reached XP level 3. HP: 32/33 MP: 2/2
  1132 | D:2      | Noticed Robin
  1142 | D:2      | Killed Robin
  1144 | D:2      | Reached ** piety under Trog
  1390 | D:2      | Noticed Natasha
  1395 | D:2      | Killed Natasha
  1396 | D:2      | Reached XP level 4. HP: 38/41 MP: 3/3
  1620 | D:2      | Noticed Natasha
  1628 | D:2      | Killed Natasha
  1629 | D:2      | Reached skill level 5 in Axes
  1801 | D:2      | Noticed Natasha
  1803 | D:2      | Killed Natasha
  1804 | D:2      | Reached XP level 5. HP: 47/47 MP: 4/4
  2027 | D:3      | Found an opulent altar of Gozag.
  2358 | D:3      | Identified the +1 ring mail "Kisydy" {Int+5}
  3082 | D:4      | Found a glowing golden altar of the Shining One.
  3138 | D:4      | Reached skill level 1 in Stealth
  3138 | D:4      | Reached XP level 6. HP: 40/55 MP: 5/5
  3260 | D:4      | Reached *** piety under Trog
  3457 | D:5      | Entered Level 5 of the Dungeon
  3471 | D:5      | Reached skill level 6 in Axes
  3477 | D:5      | Reached skill level 1 in Shields
  3526 | D:5      | Reached skill level 5 in Armour
  3527 | D:5      | Reached skill level 5 in Fighting
  3766 | D:5      | You fall into a shaft and drop 2 floors!
  3774 | D:7      | Found a runed translucent door.
  3775 | D:7      | Noticed Crazy Yiuf
  3783 | D:7      | Killed Crazy Yiuf
  3784 | D:7      | Reached XP level 7. HP: 61/61 MP: 6/6
  3788 | D:7      | Identified the +0 hammer "Ogreslayer" {flame, rF- rC- Str+9
                  | Int+4}
  3916 | D:7      | Found Sefeym's Antique Weapon Boutique.
  3988 | D:7      | Reached skill level 7 in Axes
  4048 | D:6      | HP: 1/62 [killer bee (4)]
  4048 | D:6      | Slain by a killer bee

Illustrated notes

Levels and vault maps discovered:
D:1:      reono_arrival_forest_river, layout_basic,
          ebering_ecumenical_altar_petrified
D:2:      layout_basic, minmay_misc_feat_four_crosses, uniq_robin, uniq_natasha
D:3:      layout_basic, nicolae_gozag_seed_capital, fountainhead
D:4:      layout_rooms, mainiacjoe_overflow_cross_hatched
D:5:      layout_loops_cross, temple_hall
D:6:      layout_rooms, nicolae_overflow_two_pavilions,
          chequers_ossuary_entry_cave, minmay_misc_feat_plants
D:7:      cheibrodos_iron_armory, layout_basic, gammafunk_temple_overflow_pools,
          serial_shops, shop, shop, minmay_misc_feat_nine_boxes, st_stairs_2,
          hangedman_decor_growths, uniq_crazy_yiuf_cottage

Skill      XL: |  1  2  3  4  5  6  7 |
---------------+----------------------+-----
Fighting       | 4 5 |  5.7
Axes           | 4 5 6 7 |  7.2
Armour         | 3 4 5 |  5.4
Stealth        | 1 2 |  2.2
Shields        | 2 |  2.8
Dodging        | |  2.8

Action                     |  1- 3 |  4- 6 |  7- 9 || total
---------------------------+-------+-------+-------++-------
  Melee: Hand axe          |    50 |       |       ||    50
         Headbutt          |     7 |    18 |     3 ||    28
         War axe           |     8 |   124 |    24 ||   156
  Throw: Throwing net      |       |     1 |       ||     1
         Javelin           |       |     2 |       ||     2
 Invoke: Berserk           |     1 |     2 |       ||     3
   Stab: Sleeping          |     1 |       |       ||     1
 Armour: Animal skin       |     1 |       |       ||     1
         Ring mail         |    30 |       |       ||    30
         Scale mail        |       |    61 |    14 ||    75
  Dodge: Dodged            |    44 |    68 |    29 ||   141
  Block: Buckler           |       |    20 |     8 ||    28
